 Dungeon Crawl Stone Soup version 0.28.0-53-g5a82cb258f (console) character file.

Game seed: 16503530768713608295

38137 Banquo the Cleaver (level 14, -2/96 HPs)
             Began as a Gargoyle Fighter on Aug 9, 2022.
             Was the Champion of Uskayaw.
             Slain by an elephant (7 damage)
             ... on level 6 of the Lair of Beasts on Aug 10, 2022.
             The game lasted 01:06:17 (20121 turns).

Banquo the Cleaver (Gargoyle Fighter)              Turns: 20121, Time: 01:06:20

Health: -2/96      AC: 35    Str: 21    XL:     14   Next: 0%
Magic:  20/20      EV:  8    Int:  9    God:    Uskayaw [******]
Gold:   518        SH:  7    Dex: 13    Spells: 13/13 levels left

rFire   + . .      SeeInvis .   a - +2 broad axe (elec)
rCold   + . .      Faith    .   i - +0 buckler
rNeg    + . .      Spirit   .   d - +1 plate armour
rPois   ∞          Reflect  .   h - +0 helmet
rElec   +          Harm     .   e - +0 cloak "Luoruocuit" {rPois rF+}
rCorr   .          Rampage  .   g - +0 pair of fencer's gloves {Riposte Dex+3}
Will    +++..                   f - +2 pair of boots of Ithra {Fly Will+ Dex-3}
Stlth   ..........              F - amulet of the acrobat
HPRegen 0.26/turn               C - ring of protection from cold
MPRegen 0.17/turn               R - ring of willpower

@: about to teleport, frozen, flying, studying Shields, very slow
A: sickness immunity, AC +10, big wings, negative energy resistance 1,
electricity resistance, torment resistance 1, petrification resistance, claws 1,
robust 1, evolution 1
a: Renounce Religion, Stomp, Line Pass, Grand Finale


You were on level 6 of the Lair of Beasts.
You worshipped Uskayaw.
Uskayaw was aware of your devotion.
You visited 3 branches of the dungeon, and saw 16 of its levels.
You also visited: Bailey and Gauntlet.

You collected 914 gold pieces.
You spent 396 gold pieces at shops.

Inventory:

Hand Weapons
 a - a +2 broad axe of electrocution (weapon)
 b - a +4 demon trident of electrocution
 c - a +1 flail of protection
 u - a +7 vorpal hunting sling
 L - a +1 war axe
 M - a +0 mace of venom
 N - a +4 mace of holy wrath
Missiles
 r - 98 sling bullets
 y - 3 throwing nets
 J - 8 boomerangs
 T - 3 boomerangs of dispersal
 Y - 441 stones (quivered)
Armour
 d - a +1 plate armour (worn)
 e - the +0 cloak "Luoruocuit" (worn) {rPois rF+}
   (You found it in a Gauntlet)

   rF:        It protects you from fire.
   rPois:     It protects you from poison.
 f - the +2 pair of boots of Ithra (worn) {Fly Will+ Dex-3}
   (You found it in a Gauntlet)

   Dex:       It affects your dexterity (-3).
   Fly:       It grants you flight.
   Will:      It increases your willpower.
 g - the +0 pair of fencer's gloves (worn) {Riposte Dex+3}
   (You acquired it on level 1 of the Lair of Beasts)

   It allows the wearer to riposte with melee weapons, swiftly retaliating
   against missed attacks.
   Dex:       It affects your dexterity (+3).
 h - a +0 helmet (worn)
 i - a +0 buckler (worn)
 O - a +0 robe of resistance
Magical Staves
 K - a staff of cold
Jewellery
 q - a ring of protection from fire
 C - a ring of protection from cold (left hand)
 F - an amulet of the acrobat (around neck)
 Q - a ring of positive energy
 R - a ring of willpower (right hand)
Wands
 j - a wand of iceblast (5)
 l - a wand of flame (64)
 s - a wand of acid (20)
 D - a wand of digging (7)
Scrolls
 m - 2 scrolls of fog
 n - a scroll of summoning
 E - a scroll of teleportation
 G - 2 scrolls of identify
Potions
 k - a potion of curing
 p - a potion of haste
 t - 4 potions of flight
 v - 2 potions of ambrosia
 B - 2 potions of might
 H - 2 potions of heal wounds {unknown}
 S - 2 potions of magic


   Skills:
 * Level 10.9 Fighting
 * Level 13.7 Axes
 * Level 12.0 Armour
 * Level 3.0 Dodging
 * Level 11.3 Shields
 * Level 8.8 Invocations


You had 13 spell levels left.
You didn't know any spells.
Your spell library contained the following spells:

 Spells                   Type           Power      Damage    Failure   Level
 Ensorcelled Hibernation  Hex/Ice        0%         N/A       100%        2
 Passwall                 Tmut/Erth      0%         N/A       100%        2
 Frozen Ramparts          Ice            0%         1d2       100%        3
 Inner Flame              Hex/Fire       0%         N/A       100%        3
 Stone Arrow              Conj/Erth      0%         3d7       100%        3
 Swiftness                Air            0%         N/A       100%        3
 Animate Armour           Summ/Erth      0%         N/A       100%        4
 Cause Fear               Hex            0%         N/A       100%        4
 Ice Form                 Ice/Tmut       0%         N/A       100%        4
 Summon Ice Beast         Ice/Summ       0%         N/A       100%        4
 Discord                  Hex            0%         N/A       100%        8
 Lehudib's Crystal Spear  Conj/Erth      0%         10d2      100%        8


Dungeon Overview and Level Annotations

Branches:
Dungeon (10/15)            Temple (1/1) D:6            Lair (4/6) D:10
 Shoals (0/4) Lair:3       Spider (0/4) Lair:2       Bailey (visited)
Gauntlet (visited)
    Orc: D:9-12

Altars:
Ashenzari
Cheibriados
Dithmenos
Elyvilon
Fedhas
Gozag
Hepliaklqana
Kikubaaqudgha
Makhleb
Nemelex Xobeh
Okawaru
Qazlal
Ru
Sif Muna
Trog
Uskayaw
Vehumet
Wu Jian
Xom
Yredelemnul
Zin
The Shining One

Shops:
D:3 (   D:4 *   D:9 (   D:10 *

Portals:
Abyss: Lair:1

Annotations:
D:4 3 runed translucent doors, infcreate's ghost, amateur DEAM
D:6 2 runed translucent doors, Jerry's ghost, novice KoBe
Lair:1 2 transporters, Weown's ghost, journeyman MiBe


Innate Abilities, Weirdness & Mutations

You are immune to sickness and miasma.
Your stone body is resilient. (AC +10)
You are immune to poison.
Your large and strong wings let you fly.
You resist negative energy. (rN+)
You are resistant to electric shocks. (rElec)
You are resistant to unholy torment.
You are immune to petrification.
You have sharp fingernails.
You are robust. (+10% HP)
You have hidden genetic potential.


Message History

You are too injured to fight recklessly!
Unknown command.
You slash the elephant!
The elephant is moderately wounded.
You slash the hell rat! Lightning courses through the hell rat!
You kill the hell rat!
The elephant barely misses you. The elephant closely misses you.
A polar bear comes into view.
You slash the elephant!
The elephant is heavily wounded.
You hit the komodo dragon. You block the komodo dragon's attack.
The elephant tramples you.
* * * LOW HITPOINT WARNING * * *
You are shoved backwards!
Found 17 gold pieces.
Unknown command.
You hit the elephant but do no damage.
The elephant is heavily wounded.
The elephant tramples you but does no damage.
The elephant trunk-slaps you but does no damage.
The blink frog blinks!
You hit the elephant.
The elephant is heavily wounded.
You closely miss the komodo dragon.
The rime drake is no longer sharing its pain.
The komodo dragon is no longer sharing its pain.
The blink frog blinks!
You block the komodo dragon's attack.
The elephant tramples you but does no damage.
The elephant trunk-slaps you but does no damage.
The rime drake breathes ice at you. The flash freeze hits you.
You partially resist.
* * * LOW HITPOINT WARNING * * *
You are encased in ice.
Unknown command.
As you read the scroll of teleportation, it crumbles to dust.
You feel strangely unstable. The komodo dragon bites you!!
* * * LOW HITPOINT WARNING * * *
An elephant comes into view.
The rime drake bites you but does no damage.
The elephant tramples you!
You die...

........P####
..........#.#
..... ......
[.Y..##....##
.....Y...F..####
.....h.........#
..P..Y.kl.....##
#YFY@.....#
##†k........
#.†..F.....$
###†........
##........
##P...$..
##..... .P... ..


You could see 5 elephants, a polar bear, a komodo dragon, a cane toad, 2 blink
frogs and 2 rime drakes.

Vanquished Creatures
  A minotaur (Gauntlet)
  Josephine (D:10)
  5 hydras
  A catoblepas (Lair:6)
  2 boulder beetles
  A two-headed ogre (D:10)
  A wretched star (Gauntlet)
  An ugly thing (D:9)
  2 black mambas
  Joseph (D:8)
  A rime drake (Lair:1)
  9 cane toads
  Maggie (D:8)
  2 komodo dragons
  3 meliai (Gauntlet)
  2 merfolk (Lair:3)
  3 hornets
  3 polar bears
  17 blink frogs
  A meliai zombie (D:10)
  5 culicivoras (Lair:2)
  17 yaks
  2 wyverns (D:10)
  5 wraiths (D:10)
  2 basilisks
  2 steam dragons
  A neqoxec (Gauntlet)
  Edmund (D:4)
  15 water moccasins
  13 orc warriors
  2 ice beasts (D:8)
  2 black bears (D:10)
  A sky beast (D:6)
  3 wolves (D:10)
  A necrophage (D:5)
  3 ogres
  3 centaurs
  2 kobold brigands
  11 bullfrogs
  2 small abominations (Gauntlet)
  A wyvern skeleton (D:7)
  3 scorpions
  A water moccasin zombie (D:7)
  8 killer bees (D:9)
  3 wights
  2 howler monkeys
  6 electric eels (D:9)
  3 centaur zombies
  2 bullfrog zombies
  A jelly (D:5)
  2 orc priests (D:7)
  A centaur skeleton (D:7)
  3 iguanas
  5 orc wizards
  7 hell rats (Lair:6)
  2 hound skeletons (D:4)
  2 howler monkey zombies
  8 gnolls
  A howler monkey skeleton (D:6)
  2 adders
  A shadow imp (D:7)
  An ufetubus (D:7)
  A worm (D:3)
  A dart slug (D:4)
  34 orcs
  7 ball pythons
  5 bats
  5 endoplasms
  4 giant cockroaches
  10 goblins
  3 hobgoblins
  15 jackals
  5 quokkas
  3 frilled lizards
  9 kobolds
  4 rats
  A bush (Lair:6)
323 creatures vanquished.

Vanquished Creatures (collateral kills)
  An orc knight (Bailey)
1 creature vanquished.

Vanquished Creatures (others)
  An orc (D:8)
  17 fungi
  74 plants
  3 withered plants (Gauntlet)
95 creatures vanquished.

Grand Total: 419 creatures vanquished

Notes
Turn   | Place    | Note
-------+----------+-------------------------------------------
     0 | D:1      | Banquo the Gargoyle Fighter began the quest for the Orb.
     0 | D:1      | Reached XP level 1. HP: 14/14 MP: 1/1
   131 | D:1      | Reached skill level 2 in Axes
   213 | D:1      | Reached XP level 2. HP: 19/19 MP: 2/2
   656 | D:1      | Reached skill level 3 in Axes
   976 | D:2      | Reached XP level 3. HP: 23/23 MP: 3/3
  1674 | D:3      | Reached XP level 4. HP: 28/28 MP: 4/4
  1691 | D:3      | Found a faded altar of an unknown god.
  2178 | D:3      | Found Xohaaw's Antique Weapon Boutique.
  2239 | D:3      | Reached skill level 4 in Axes
  2894 | D:4      | Reached XP level 5. HP: 32/32 MP: 5/5
  2941 | D:4      | Reached skill level 5 in Axes
  3137 | D:4      | Found a runed translucent gate.
  3138 | D:4      | Found a runed translucent gate.
  3138 | D:4      | Found a runed translucent gate.
  3518 | D:4      | Noticed Edmund
  3589 | D:4      | Killed Edmund
  3590 | D:4      | Reached XP level 6. HP: 32/37 MP: 6/6
  3689 | D:4      | Identified the +2 hunting sling of Xin Atane {venom, rElec
                  | Int+2}
  3713 | D:4      | Reached skill level 6 in Axes
  3972 | D:4      | Found Qigojo's Assorted Antiques.
  3978 | D:4      | Bought a scroll labelled XEH YWEBIMA for 27 gold pieces
  3978 | D:4      | Bought a scroll labelled CAWYTS RUPIF for 27 gold pieces
  3978 | D:4      | Bought a white potion for 24 gold pieces
  3978 | D:4      | Bought a scroll labelled GODUOW KAOH for 27 gold pieces
  3978 | D:4      | Bought a scroll labelled TUNOEL LAIL for 27 gold pieces
  4026 | D:4      | Noticed infcreate's ghost (amateur DEAM)
  4165 | D:5      | Entered Level 5 of the Dungeon
  4194 | D:5      | Found a broken altar of Ashenzari.
  4297 | D:5      | Reached XP level 7. HP: 27/41 MP: 7/7
  4522 | D:5      | Reached skill level 7 in Axes
  5335 | D:5      | Reached XP level 8. HP: 43/48 MP: 8/8
  5673 | D:6      | Found a staircase to the Ecumenical Temple.
  5683 | Temple   | Entered the Ecumenical Temple
  5928 | Temple   | Became a worshipper of Uskayaw the Reveller
  6097 | D:6      | Reached * piety under Uskayaw
  6386 | D:6      | Reached skill level 8 in Axes
  6549 | D:6      | Found a bloodstained altar of Trog.
  6663 | D:6      | Found a large runed translucent door.
  6663 | D:6      | Found a large runed translucent door.
  6667 | D:6      | Noticed Jerry's ghost (novice KoBe)
  6748 | D:6      | Reached skill level 1 in Invocations
  7024 | D:6      | Reached ** piety under Uskayaw
  7026 | D:6      | Reached skill level 5 in Armour
  7026 | D:6      | Reached skill level 1 in Dodging
  7709 | D:7      | Reached skill level 5 in Fighting
  7709 | D:7      | Reached XP level 9. HP: 25/54 MP: 10/10
  8200 | D:7      | Found a burning altar of Makhleb.
  8531 | D:8      | Noticed a hornet
  8570 | D:8      | Reached *** piety under Uskayaw
  8574 | D:8      | Reached **** piety under Uskayaw
  8584 | D:8      | Noticed Maggie
  8591 | D:7      | Reached ***** piety under Uskayaw
  8720 | D:8      | Noticed Joseph
  8734 | D:8      | Gained mutation: You tend to lose your temper in combat.
                  | [potion of mutation]
  8734 | D:8      | Gained mutation: Your body sometimes deteriorates upon
                  | taking damage. [potion of mutation]
  8734 | D:8      | Gained mutation: You have sharp fingernails. [potion of
                  | mutation]
  8745 | D:8      | Killed Joseph
  8746 | D:8      | Reached skill level 9 in Axes
  8746 | D:8      | Reached skill level 5 in Shields
  9175 | D:8      | Reached XP level 10. HP: 47/60 MP: 12/12
  9448 | D:8      | Killed Maggie
  9449 | D:8      | Reached skill level 10 in Axes
 10136 | D:8      | Found a shimmering blue altar of Sif Muna.
 10263 | D:8      | Found a shadowy altar of Dithmenos.
 10315 | D:8      | Found a white marble altar of Elyvilon.
 10380 | D:9      | Found Miulij's Weapon Emporium.
 10435 | D:9      | Bought a +2 broad axe of electrocution for 264 gold pieces
 10682 | D:9      | Noticed a purple ugly thing
 10696 | D:9      | Killed a purple ugly thing
 11770 | D:10     | Entered Level 10 of the Dungeon
 11770 | D:10     | Found a radiant altar of Vehumet.
 11770 | D:10     | Found a sacrificial altar of Ru.
 11898 | D:10     | HP: 2/63 [wyvern (6)]
 11907 | D:10     | Reached XP level 11. HP: 5/67 MP: 11/14
 11910 | D:10     | HP: 3/67 [black bear (3)]
 12005 | D:10     | Noticed a two-headed ogre
 12271 | D:10     | Found a staircase to the Lair.
 12297 | D:10     | Found an opulent altar of Gozag.
 12306 | D:10     | Found Gozag's Platinum Reserve.
 12336 | D:10     | Found a flagged portal.
 12339 | D:10     | Noticed Josephine
 12341 | D:10     | Killed a two-headed ogre
 12342 | D:10     | Reached skill level 11 in Axes
 12345 | D:10     | Reached skill level 5 in Invocations
 12352 | Bailey   | Entered a bailey
 12966 | Bailey   | Noticed an orc knight
 12966 | Bailey   | Noticed an orc knight
 12966 | Bailey   | Noticed an orc knight
 13174 | Bailey   | Killed an orc knight
 13180 | Bailey   | Reached skill level 10 in Armour
 13180 | Bailey   | Reached XP level 12. HP: 70/75 MP: 15/17
 13213 | D:10     | Killed Josephine
 13583 | D:10     | Reached skill level 12 in Axes
 13703 | Lair:1   | Entered Level 1 of the Lair of Beasts
 13840 | Lair:1   | Found a one-way gate to the infinite horrors of the Abyss.
 13863 | Lair:1   | Noticed Weown's ghost (journeyman MiBe)
 13875 | Lair:1   | Found a transporter.
 13887 | Lair:1   | Found a transporter.
 14163 | Lair:1   | Noticed a five-headed hydra
 14182 | Lair:1   | Killed a five-headed hydra
 14803 | Lair:1   | Noticed a seven-headed hydra
 14816 | Lair:1   | HP: 1/76 [seven-headed hydra (8)]
 14817 | Lair:1   | Killed a seven-headed hydra
 14818 | Lair:1   | Reached XP level 13. HP: 1/80 MP: 10/18
 15215 | Lair:1   | Identified a scroll of acquirement
 15215 | Lair:1   | Acquired the +0 pair of fencer's gloves {Riposte Dex+3}
 15215 | Lair:1   | Found the +0 pair of fencer's gloves {Riposte Dex+3}
 15495 | Lair:1   | Lost mutation: Your body sometimes deteriorates upon taking
                  | damage. [potion of mutation]
 15495 | Lair:1   | Lost mutation: You tend to lose your temper in combat.
                  | [potion of mutation]
 15495 | Lair:1   | Gained mutation: You are robust. (+10% HP) [potion of
                  | mutation]
 15495 | Lair:1   | Gained mutation: You have hidden genetic potential. [potion
                  | of mutation]
 15584 | Lair:2   | Reached skill level 10 in Shields
 15663 | Lair:2   | Found a hole to the Spider Nest.
 17006 | Lair:2   | Reached skill level 10 in Fighting
 17914 | Lair:3   | Reached skill level 13 in Axes
 18143 | Lair:3   | Found a staircase to the Shoals.
 18834 | Lair:4   | Reached ****** piety under Uskayaw
 18999 | Lair:4   | Found a gate leading to a gauntlet.
 19023 | Gauntlet | Entered a Gauntlet
 19023 | Gauntlet | Found a transporter.
 19032 | Gauntlet | Found a transporter.
 19044 | Gauntlet | Found a transporter.
 19048 | Gauntlet | Found a transporter.
 19058 | Gauntlet | Found a transporter.
 19081 | Gauntlet | Found a transporter.
 19084 | Gauntlet | Noticed a blizzard demon
 19086 | Gauntlet | Found a transporter.
 19114 | Gauntlet | Found a transporter.
 19115 | Gauntlet | Found a transporter.
 19119 | Gauntlet | Found a transporter.
 19130 | Gauntlet | Found a transporter.
 19131 | Gauntlet | Found a transporter.
 19208 | Gauntlet | Identified the +2 pair of boots of Ithra {Fly Will+ Dex-3}
 19375 | Gauntlet | Identified the +0 cloak "Luoruocuit" {rPois rF+}
 19429 | Gauntlet | Noticed a minotaur
 19447 | Gauntlet | Killed a minotaur
 20089 | Lair:4   | You are sucked into a shaft and drop 2 floors!
 20089 | Lair:6   | Entered Level 6 of the Lair of Beasts
 20114 | Lair:6   | Gained mutation: Your large and strong wings let you fly.
                  | [Gargoyle growth]
 20114 | Lair:6   | Reached XP level 14. HP: 41/96 MP: 20/20
 20121 | Lair:6   | Slain by an elephant

Illustrated notes

Levels and vault maps discovered:
D:1:      nicolae_arrival_somewhat_less_tricky_arrival, layout_basic,
          hangedman_decor_push, glass_columns_a
D:2:      layout_basic
D:3:      layout_rooms, shapermc_ecumenical_altar_gd, serial_shops,
          nicolae_lakefront_shop
D:4:      layout_loops_corners, gammafunk_ghost_necromancy, serial_shops,
          nicolae_diamond_shop, minmay_crossroads, uniq_edmund
D:5:      layout_loops_corners, nicolae_ashenzari_skybound
D:6:      layout_basic, old_standard_altar, minmay_temple_entry_waves,
          ebering_ghost_disaster_area
D:7:      layout_gridville, mainiacjoe_overflow_brackets
D:8:      nicolae_cairo_tiling_large_dashed, layout_rooms, led_sif_pool,
          kennysheep_mini_moat, nicolae_elyvilon_temple_path, serial_glass,
          glass_columns_a, glass_columns_c, glass_columns_a, glass_columns_a,
          glass_columns_a, glass_columns_c, chequers_serial_rivers_micro_a,
          uniq_joseph, uniq_maggie
D:9:      layout_basic, serial_bayou, serial_bayou_shore_a,
          serial_bayou_lagoon_b, serial_bayou_pond_c, serial_bayou_lagoon_a,
          serial_shops, shop
D:10:     layout_cave_pools, nicolae_gozag_zags_fifth_avenue,
          grunt_temple_overflow_open, minmay_lair_entry_grove, enter_bailey_3,
          uniq_josephine
Temple:   oiseaux_autumnal_temple
Lair:1:   layout_cave_pods, gammafunk_ghost_abyssal_escape, lemuel_fruit_fields
Lair:2:   layout_hall_layers, hellmonk_spider_entry_life_and_decay
Lair:3:   layout_cellular_growth, elwin_shoals_entry_rooms, lemuel_fruit_fields,
          infiniplex_staircase_pool_2
Lair:4:   layout_layer_cave, gauntlet_entry_generic
Lair:6:   cheibrodos_lair_end_hotspot, layout_hall_layers, portal_ice_cave_rime,
          grunt_forest_stairs_basic

Skill      XL: |  1  2  3  4  5  6  7  8  9 10 11 12 13 |
---------------+----------------------------------------+-----
Axes           | 2 3 4 5 6 7 8 9 10 11 12 13 | 13.7
Armour         | 4 5 6 8 10 12 | 12.0
Fighting       | 5 6 7 8 9 10 | 10.9
Shields        | 4 5 6 8 9 11 | 11.3
Invocations    | 2 3 4 6 7 8 |  8.8
Dodging        | 1 2 3 |  3.0

Action                   |  1- 3 |  4- 6 |  7- 9 | 10-12 | 13-15 || total
-------------------------+-------+-------+-------+-------+-------++-------
Melee: War axe           |    39 |    10 |   162 |    43 |       ||   254
       Mace              |    78 |   111 |   105 |    37 |    11 ||   342
       Broad axe         |       |       |       |   336 |   251 ||   587
       Morningstar       |       |       |       |    14 |    14 ||    28
       Demon trident     |       |       |       |       |     6 ||     6
 Fire: Hunting sling     |       |       |       |     3 |       ||     3
Invok: Stomp             |       |       |       |     2 |       ||     2
       Line Pass         |       |       |       |     3 |     2 ||     5
Evoke: Wand              |       |       |       |     1 |       ||     1
  Use: Scroll            |       |     7 |    11 |     2 |     5 ||    25
       Potion            |       |       |     4 |     4 |     2 ||    10
 Stab: Paralysed         |       |       |     5 |    34 |    20 ||    59
       Confused          |       |       |       |     1 |       ||     1
       Invisible         |       |       |       |       |     2 ||     2
Armor: Scale mail        |    82 |    62 |    67 |       |       ||   211
       Plate armour      |       |       |    70 |   309 |   158 ||   537
       Skin              |       |       |     4 |       |       ||     4
Dodge: Dodged            |    59 |    53 |   117 |   203 |   110 ||   542
Block: Buckler           |    36 |    24 |    53 |   127 |    99 ||   339
       Rpst.: Broad axe  |       |       |       |       |    17 ||    17
       Morningstar       |       |       |       |       |     2 ||     2
       Mace              |       |       |       |       |     1 ||     1
